 Dungeon Crawl Stone Soup version 0.27-a0-200-g8ba017916c (webtiles) character file.

Game seed: 3680970425029172352

186 sanka the Covert (level 5, -2/24 HPs)
             Began as a Spriggan Enchanter on Jan 29, 2021.
             Slain by a quokka (5 damage)
             ... while paralysed by Grinder
             ... on level 3 of the Dungeon.
             The game lasted 00:06:45 (4260 turns).

sanka the Covert (Spriggan Enchanter)               Turns: 4260, Time: 00:06:46

Health: -2/24      AC:  2    Str:  4    XL:     5   Next: 38%
Magic:  3/10       EV:  4    Int: 16    God:
Gold:   79         SH:  0    Dex: 18    Spells: 3/9 levels left

rFire    . . .     SeeInvis +   b - +1 short sword (drain)
rCold    . . .     Faith    +   (shield restricted)
rNeg     . . .     Spirit   .   n - +0 robe
rPois    .         Reflect  .   (helmet restricted)
rElec    .         Harm     .   (no cloak)
rCorr    .         Rampage  .   (gloves unavailable)
Will     .....                  (boots unavailable)
Stlth    ++++......             c - amulet of faith
HPRegen  0.08/turn              (no ring)
MPRegen  0.12/turn              (no ring)

@: paralysed, very quick
A: very small, unfitting armour, see invisible, speed 3
a: no special abilities


You were on level 3 of the Dungeon.
You visited 1 branch of the dungeon, and saw 3 of its levels.

You collected 79 gold pieces.


Innate Abilities, Weirdness & Mutations

You are very small and have problems with some larger weapons.
You are too small for most types of armour.
You have supernaturally acute eyesight. (SInv)
You cover ground extremely quickly.


   Skills:
 + Level 3.6 Short Blades
 - Level 3.0 Dodging
 - Level 8.0 Stealth
 - Level 2.6 Spellcasting
 - Level 3.6 Hexes


You had 3 spell levels left.
You knew the following spells:

 Your Spells              Type           Power        Failure   Level
z - Ensorcelled Hibernat  Hex/Ice        14%          14%         2
X - Confusing Touch       Hex            13%          13%         3
Z - Corona                Hex            14%          4%          1

Your spell library contained the following spells:

 Spells                   Type           Power        Failure   Level
 Tukima's Dance           Hex            13%          13%         3
 Animate Skeleton         Necr           4%           19%         1
 Apportation              Tloc           4%           19%         1
 Summon Small Mammal      Summ           8%           19%         1
 Dazzling Flash           Conj/Hex       14%          28%         3

Inventory:

Hand Weapons
 a - a +1 dagger
 b - a +1 short sword of draining (weapon)
Armour
 e - a +0 buckler
 n - a +0 robe (worn)
Jewellery
 c - an amulet of faith (around neck)
Scrolls
 d - 2 scrolls of amnesia {unknown}
 g - a scroll of noise {unknown}
 i - a scroll of magic mapping {unknown}
 k - 3 scrolls of identify {unknown}
 l - 3 scrolls of remove curse {unknown}
Potions
 f - a potion of flight
 h - 2 potions of curing {unknown}
 j - a potion of mutation {unknown}
 m - a potion of lignification {unknown}

Dungeon Overview and Level Annotations

Branches:
Dungeon (3/15)

Altars:

Annotations:
D:3 Grinder

(.....
▒▒▒▒▒▒▒▒▒▒▒...........
......................
......................
....................▒
...................(▒
...g..g.............▒
.....5ri............▒
..........)....†>...▒
...........†........▒
....................▒▒▒▒
........................
..K.....!...............
..<..................÷..
....................▒▒▒▒
.................▒


You could see Grinder, a quokka, 2 goblins and a kobold.


Message History

A goblin comes into view.
Found 27 stones.
Found a stone staircase leading up.
The quokka bites you.
Grinder shouts!
The goblin shouts!
You hit the quokka.
The quokka is severely wounded.
You hear a shout!
You hear a shout!
The quokka misses you. Grinder gestures at you.
You suddenly lose the ability to move!
The quokka bites you.
Grinder zaps a wand.
The puff of flame hits you!
* * * LOW HITPOINT WARNING * * *
The quokka bites you.
* * * LOW HITPOINT WARNING * * *
A kobold comes into view.
The quokka bites you.
* * * LOW HITPOINT WARNING * * *
The goblin hits you.
* * * LOW HITPOINT WARNING * * *
Grinder blinks!
The quokka bites you.
* * * LOW HITPOINT WARNING * * *
The goblin hits you but does no damage. The quokka bites you.
You die...

Action                   |  1- 3 |  4- 6 || total
-------------------------+-------+-------++-------
Melee: Dagger            |    78 |    46 ||   124
       Short sword       |       |    20 ||    20
 Cast: Corona            |     7 |       ||     7
       Ensorcelled Hiber |    20 |    31 ||    51
  Use: Potion            |       |     2 ||     2
 Stab: Sleeping          |    17 |    21 ||    38
       Distracted        |     1 |       ||     1
Armor: Robe              |    16 |     4 ||    20
Dodge: Dodged            |    80 |    54 ||   134

Levels and vault maps discovered:
D:1:      enne_arrival_octagon_isle, layout_loops_ring,
          chequers_serial_rivers_marsh, hangedman_abyss_or_decor_stabs
D:2:      layout_loops_corners, kennysheep_generic_room_2, uniq_natasha,
          uniq_terence
D:3:      layout_basic, uniq_grinder

Notes
Turn   | Place    | Note
-------+----------+-------------------------------------------
     0 | D:1      | sanka the Spriggan Enchanter began the quest for the Orb.
     0 | D:1      | Reached XP level 1. HP: 9/9 MP: 5/5
   333 | D:1      | Reached skill level 5 in Stealth
   511 | D:1      | Reached XP level 2. HP: 11/13 MP: 3/6
   620 | D:1      | Learned a level 2 spell: Ensorcelled Hibernation
   825 | D:1      | Reached skill level 6 in Stealth
  2208 | D:2      | Reached XP level 3. HP: 14/16 MP: 0/8
  2353 | D:2      | Noticed Natasha
  2355 | D:2      | Killed Natasha
  2356 | D:2      | Reached skill level 7 in Stealth
  2398 | D:2      | Noticed Terence
  2404 | D:2      | Learned a level 3 spell: Confusing Touch
  2421 | D:2      | Killed Terence
  2422 | D:2      | Reached XP level 4. HP: 19/21 MP: 4/9
  2471 | D:2      | Reached skill level 8 in Stealth
  3277 | D:2      | Reached skill level 2 in Short Blades
  3422 | D:2      | Noticed Natasha
  3456 | D:2      | Killed Natasha
  3666 | D:2      | Noticed Natasha
  3710 | D:2      | Killed Natasha
  3711 | D:2      | Reached skill level 3 in Short Blades
  3711 | D:2      | Reached XP level 5. HP: 8/24 MP: 1/10
  4253 | D:3      | Noticed Grinder
  4256 | D:3      | Paralysed by Grinder for 4 turns
  4260 | D:3      | Slain by a quokka

Vanquished Creatures
  Terence (D:2)
  Natasha (thrice) (D:2)
  An adder (D:2)
  An ooze (D:2)
  5 worms
  2 leopard geckos
  3 giant cockroaches (D:2)
  9 hobgoblins
  4 jackals (D:1)
  A quokka (D:2)
  9 bats
  2 frilled lizards
  7 goblins
  4 kobolds
  12 rats
64 creatures vanquished.
